 Dungeon Crawl Stone Soup version 0.30-a0-172-gc5509c9e31 (webtiles) character file.

Game seed: 2586517952158795691

327 Flugkiller the Magician (level 6, -1/39 HPs)
             Began as a Mummy Ice Elementalist on Oct 2, 2022.
             Was a Follower of Hepliaklqana.
             Slain by Menkaure (10 damage)
             ... on level 4 of the Dungeon.
             The game lasted 00:04:01 (2802 turns).

Flugkiller the Magician (Mummy Ice Elementalist)    Turns: 2802, Time: 00:04:02

Health: -1/39      AC:  3    Str: 12    XL:     6   Next: 24%
Magic:  8/14       EV: 12    Int: 16    God:    Hepliaklqana [*.....]
Gold:   174        SH:  0    Dex: 12    Spells: 12/16 levels left

rFire   . . .      SeeInvis .    j - +0 quarterstaff
rCold   + . .      Faith    +    (shield currently unavailable)
rNeg    + + +      Spirit   .    a - +0 robe
rPois   ∞          Reflect  .    b - +0 helmet
rElec   .          Harm     .    (no cloak)
rCorr   .          Rampage  .    (no gloves)
Will    .....                    (no boots)
Stlth   ++........               (no amulet)
HPRegen 0.26/turn                p - ring of protection from fire
MPRegen 0.14/turn                (no ring)

@: no status effects
A: reduced essence, cold resistance 1, negative energy resistance 3, torment
resistance 2, heat vulnerability 1, in touch with death 1, no potions, faith
a: Renounce Religion, Recall Ancestor, Ancestor Identity


You were on level 4 of the Dungeon.
You worshipped Hepliaklqana.
Hepliaklqana was aware of your devotion.
You visited 1 branch of the dungeon, and saw 4 of its levels.

You collected 174 gold pieces.

Inventory:

Hand Weapons
 c - a +0 short sword
   (You took it off a kobold on level 1 of the Dungeon)
 j - a +0 quarterstaff (weapon)
   (You found it on level 2 of the Dungeon)
Armour
 a - a +0 robe (worn)
 b - a +0 helmet (worn)
   (You found it on level 1 of the Dungeon)
 d - a +0 buckler
   (You found it on level 1 of the Dungeon)
 e - the +0 ring mail "Avumam" {rElec}
   (You found it on level 2 of the Dungeon)

   rElec:     It insulates you from electricity.
Jewellery
 m - a ring of willpower
   (You found it on level 4 of the Dungeon)
 p - a ring of protection from fire (left hand)
   (You found it on level 3 of the Dungeon)
Wands
 l - a wand of flame (7)
   (You found it on level 3 of the Dungeon)
Scrolls
 f - a scroll of enchant armour {unknown}
 g - a scroll of enchant weapon {unknown}
 i - 2 scrolls of immolation {unknown}
 k - a scroll of blinking {unknown}
 r - a scroll of identify


   Skills:
 - Level 2.0 Fighting
 - Level 1.5 Dodging
 - Level 1.5 Stealth
 + Level 5.7 Spellcasting
 + Level 4.8 Ice Magic


You had 12 spell levels left.
You knew the following spells:

 Your Spells              Type           Power      Damage    Failure   Level
a - Freeze                Ice            80%        1d9       1%          1
b - Frozen Ramparts       Ice            40%        1d7       6%          3

Your spell library contained the following spells:

 Spells                   Type           Power      Damage    Failure   Level
 Ozocubu's Armour         Ice            20%        N/A       6%          3
 Ensorcelled Hibernation  Hex/Ice        24%        N/A       8%          2
 Passwall                 Tmut/Erth      3%         N/A       22%         2
 Swiftness                Air            4%         N/A       38%         3
 Summon Ice Beast         Ice/Summ       12%        N/A       45%         4


Dungeon Overview and Level Annotations

Branches:
Dungeon (4/15) Zot: 21186
 Temple: D:4-7

Altars:
Dithmenos
Hepliaklqana
Vehumet

Shops:
D:3 *[

Annotations:
D:4 Menkaure


Innate Abilities, Weirdness & Mutations

Your life essence is reduced to manifest your ancestor. (-10% HP)
You are immune to poison.
Your flesh is cold resistant. (rC+)
You are immune to negative energy. (rN+++)
You are immune to unholy pain and torment.
You are vulnerable to heat. (rF-)
You are in touch with the powers of death.
You do not drink.
You have a special connection with the divine. (Faith)


Message History

Casting: Freeze (safe; 1% risk of failure)
Confirm with . or Enter, or press ? or * to list all spells.
You can't see any susceptible monsters within range! (Use Z to cast anyway.)
You barely miss the adder. The adder bites you. x2
You barely miss the adder. The adder closely misses you.
Lici closely misses the adder.
You barely miss the adder. The adder closely misses you.
Lici hits the adder!
The adder bites you but does no damage.
You sock the adder!
You kill the adder!
g - a scroll labelled JYHUXKA GEWKOQASS A ball python comes into view.
A ball python is nearby!
A ball python is nearby!
Casting: Freeze (safe; 1% risk of failure)
Confirm with . or Enter, or press ? or * to list all spells.
Aiming: Freeze (safe; 1% risk of failure)
Press: ? - help, Shift-Dir - straight line, f - ball python
Aim: a ball python (ally target)
You freeze the ball python.
The ball python is moderately wounded.
The ball python seems to slow down.
The ball python is no longer moving slowly.
The ball python bites you but does no damage.
The ball python barely misses you.
Casting: Freeze (safe; 1% risk of failure)
Confirm with . or Enter, or press ? or * to list all spells.
Aiming: Freeze (safe; 1% risk of failure)
Press: ? - help, Shift-Dir - straight line, f/p - ball python
Aim: a ball python (moderately wounded, ally target)
You freeze the ball python!
You kill the ball python!
Menkaure, Prince of Dust comes into view.
Menkaure shouts!
Menkaure is nearby!
Menkaure is nearby!
An endoplasm comes into view.
You swap places.
Lici barely misses Menkaure.
Casting: Freeze (safe; 1% risk of failure)
Confirm with . or Enter, or press ? or * to list all spells.
The walls around you are covered in ice.
Lici hits Menkaure.
The wall freezes Menkaure but does no damage.
Menkaure closely misses Lici.
Unknown command.
Lici hits Menkaure.
Menkaure resists.
The wall freezes Menkaure.
Menkaure hits Lici!!
Lici hits Menkaure.
Menkaure completely resists.
The wall freezes Menkaure but does no damage.
Menkaure hits Lici!!
Lici is destroyed!
Menkaure resists.
The wall freezes Menkaure.
Casting: Frozen Ramparts (dangerous; 6% risk of failure)
Confirm with . or Enter, or press ? or * to list all spells.
Aiming: Freeze (safe; 1% risk of failure)
Press: ? - help, Shift-Dir - straight line, f - Menkaure
Aim: Menkaure (heavily damaged)
You freeze Menkaure.
Menkaure resists.
Menkaure is severely damaged.
Casting: Freeze (safe; 1% risk of failure)
Confirm with . or Enter, or press ? or * to list all spells.
Aiming: Freeze (safe; 1% risk of failure)
Press: ? - help, Shift-Dir - straight line, f/p - Menkaure
Aim: Menkaure (severely damaged)
You freeze Menkaure but do no damage.
Menkaure completely resists.
Menkaure resists.
The wall freezes Menkaure.
Menkaure casts a spell.
Menkaure seems to speed up.
Casting: Freeze (safe; 1% risk of failure)
Confirm with . or Enter, or press ? or * to list all spells.
Aiming: Freeze (safe; 1% risk of failure)
Press: ? - help, Shift-Dir - straight line, f/p - Menkaure
Aim: Menkaure (severely damaged, fast)
You freeze Menkaure.
Menkaure resists.
Menkaure is almost destroyed.
The frozen ramparts melt away.
Menkaure hits you!
The endoplasm hits you but does no damage.
Menkaure hits you.
You completely miss Menkaure.
Menkaure is almost destroyed.
Menkaure completely misses you.
You barely miss Menkaure.
Menkaure is almost destroyed.
Menkaure hits you. Menkaure hits you!
* * * LOW HITPOINT WARNING * * *
You hit Menkaure.
Menkaure is almost destroyed.
Menkaure murmurs, "It doesn't hurt if you pull your brain out of your nose yourself."
Menkaure barely misses you.
Okay, then.
You hit Menkaure but do no damage.
Menkaure is almost destroyed.
Menkaure closely misses you.
Menkaure's ankle releases a plume of dust as he confides, "I'm not really a mummy, you know."
Menkaure closely misses you.
Unknown command.
You hit Menkaure.
Menkaure is almost destroyed.
Menkaure hits you!
You die...

.#######
###.....P..P...#
..!.....
..#...........##
......##
#.#..P......P..#
.#.#..#
#.#............# .#.#
.# #..............#
.#.# # #.#..P......P..#
.#.#
#.#####.#............#
.#.#
#............P..P....#
...#
..####@##...........#
####
##..####M##.##.......##
........J##........###
............########
#############


You could see Menkaure (fast) and an endoplasm.

Vanquished Creatures
  A hound (D:4)
  3 orc priests
  Jessica (D:3)
  3 orc wizards
  3 adders
  3 dart slugs
  10 orcs
  4 bats
  10 endoplasms
  3 giant cockroaches
  5 goblins
  3 hobgoblins
  5 kobolds
  2 quokkas
  4 ball pythons
  2 frilled lizards (D:2)
  5 rats
67 creatures vanquished.

Vanquished Creatures (collateral kills)
  An orc (D:4)
  A ball python (D:4)
  A kobold (D:4)
3 creatures vanquished.

Vanquished Creatures (others)
  An ancestor (D:4)
1 creature vanquished.

Grand Total: 71 creatures vanquished

Notes
Turn   | Place    | Note
-------+----------+-------------------------------------------
     0 | D:1      | Flugkiller the Mummy Ice Elementalist began the quest for
                  | the Orb.
     0 | D:1      | Reached XP level 1. HP: 13/13 MP: 4/4
   234 | D:1      | Reached skill level 3 in Spellcasting
   234 | D:1      | Reached XP level 2. HP: 20/20 MP: 4/6
   325 | D:1      | Reached skill level 1 in Fighting
   809 | D:2      | Identified the +0 ring mail "Avumam" {rElec}
   827 | D:2      | Gained mutation: You are in touch with the powers of death.
                  | [Mummy growth]
   827 | D:2      | Reached XP level 3. HP: 25/26 MP: 3/7
   868 | D:2      | Learned a level 3 spell: Frozen Ramparts
  1308 | D:3      | Noticed Jessica
  1308 | D:3      | Found a hazy altar of Hepliaklqana.
  1320 | D:3      | Killed Jessica
  1321 | D:3      | Reached skill level 4 in Spellcasting
  1321 | D:3      | Reached XP level 4. HP: 30/33 MP: 6/10
  1323 | D:3      | Became a worshipper of Hepliaklqana the Forgotten
  1388 | D:3      | Found Xeyddele's Armour Shoppe.
  1592 | D:3      | Found a faded altar of an unknown god.
  1704 | D:3      | Found a shadowy altar of Dithmenos.
  1805 | D:3      | Reached XP level 5. HP: 22/38 MP: 4/11
  2054 | D:3      | Found Loev's General Store.
  2265 | D:4      | Reached * piety under Hepliaklqana
  2370 | D:4      | Reached skill level 5 in Spellcasting
  2538 | D:4      | Reached XP level 6. HP: 30/39 MP: 5/14
  2580 | D:4      | Found a radiant altar of Vehumet.
  2787 | D:4      | Noticed Menkaure
  2802 | D:4      | Slain by Menkaure

Illustrated notes

Levels and vault maps discovered:
D:1:      lemuel_arrival_cross, layout_loops_ring
D:2:      layout_rooms, minmay_heptomino_l4
D:3:      layout_basic, nicolae_dithmenos_the_darkroom,
          nicolae_hepliaklqana_hazy_memory,
          hellmonk_ecumenical_altar_inner_sanctum, serial_shops,
          nicolae_lakefront_shop, nicolae_diamond_shop,
          nicolae_figureground_sparkle, uniq_jessica
D:4:      layout_loops_ring, old_standard_altar, chequers_garden,
          minmay_misc_feat_plants, uniq_menkaure

Skill      XL: |  1  2  3  4  5 |
---------------+----------------+-----
Spellcasting   | 3 4 5 |  5.7
Fighting       | 1 2 |  2.0
Ice Magic      | 4 |  4.8
Dodging        | |  1.5
Stealth        | |  1.5

Action                   |  1- 3 |  4- 6 || total
-------------------------+-------+-------++-------
Melee: Short sword       |     9 |       ||     9
       Quarterstaff      |       |    38 ||    38
 Cast: Freeze            |    63 |    58 ||   121
       Frozen Ramparts   |       |     1 ||     1
Invok: Ancestor Identity |       |     1 ||     1
  Use: Scroll            |       |     3 ||     3
Armor: Robe              |    13 |    15 ||    28
Dodge: Dodged            |    42 |    43 ||    85

Table legend: (Time is in decaauts)
 A = Elapsed time spent in this place.
 B = Non-inter-level travel time spent in this place.
 C = Inter-level travel time spent in this place.
 D = Time resting spent in this place.
 E = Time spent auto-exploring this place.
 F = Levels seen in this place.
 G = Mean time per level.
                   A        B        C        D        E       F      G
               +--------+--------+--------+--------+--------+-----+--------+
         Total |   2811 |   2719 |     92 |    455 |   1647 |   4 |  702.8 |
       Dungeon |   2811 |   2719 |     92 |    455 |   1647 |   4 |  702.8 |
               +--------+--------+--------+--------+--------+-----+--------+

Top non-repeatable levels by time:
     D:3: 817 daAuts
     D:1: 686 daAuts
     D:2: 685 daAuts
     D:4: 622 daAuts
